 Dungeon Crawl Stone Soup version 0.29-a0-824-gd827844252 (webtiles) character file.

Game seed: 15420060707831172336

114 27snakeeyes612 the Trooper (level 4, 0/44 HPs)
             Began as a Naga Fighter on July 9, 2022.
             Slain by a water moccasin (3 damage)
             ... on level 4 of the Dungeon.
             The game lasted 00:02:08 (3187 turns).

27snakeeyes612 the Trooper (Naga Fighter)           Turns: 3187, Time: 00:02:09

Health: 0/44       AC: 11    Str: 20    XL:     4   Next: 97%
Magic:  4/4        EV:  5    Int:  8    God:
Gold:   233        SH:  4    Dex: 11    Spells: 3/3 levels left

rFire   . . .      SeeInvis +   t - +0 broad axe
rCold   . . .      Faith    .   c - +0 buckler
rNeg    . . .      Spirit   .   b - +0 scale mail
rPois   +          Reflect  .   (no helmet)
rElec   .          Harm     .   (no cloak)
rCorr   .          Rampage  .   (no gloves)
Will    .....                   n - +2 barding
Stlth   ..........              (no amulet)
HPRegen 0.14/turn               (no ring)
MPRegen 0.09/turn               (no ring)

@: mighty, short of breath, very slow
A: AC +1, large, see invisible, deformed body, poison resistance, slowness 2,
spit poison 1, naga tail 1
a: Spit Poison


You were on level 4 of the Dungeon.
You visited 1 branch of the dungeon, and saw 4 of its levels.

You collected 233 gold pieces.

Inventory:

Hand Weapons
 a - a +0 war axe
 f - a +0 vorpal mace
 t - a +0 broad axe (weapon)
Armour
 b - a +0 scale mail (worn)
 c - a +0 buckler (worn)
 n - a +2 barding (worn)
Wands
 q - a wand of flame (16)
Scrolls
 h - 3 scrolls of fog
 p - a scroll of enchant armour
 r - a scroll of identify
Potions
 d - a potion of might
 e - a potion of flight {unknown}
 j - 2 potions of curing {unknown}
 k - 2 potions of attraction {unknown}
 l - a potion of cancellation {unknown}
 m - 2 potions of haste {unknown}
 o - 2 potions of magic {unknown}


   Skills:
 + Level 3.7 Fighting
 + Level 2.9 Axes
 + Level 3.1 Armour
 + Level 3.3 Shields


You had 3 spell levels left.
You didn't know any spells.
Your spell library contained the following spells:

 Spells                   Type           Power      Damage    Failure   Level
 Beastly Appendage        Tmut           0%         N/A       83%         1
 Wereblood                Tmut           0%         N/A       92%         2
 Spider Form              Tmut/Pois      0%         N/A       99%         3
 Malign Gateway           Summ/Tloc      0%         N/A       100%        7
 Summon Horrible Things   Summ           0%         N/A       100%        8


Dungeon Overview and Level Annotations

Branches:
Dungeon (4/15)
 Temple: D:4-7

Altars:
Ashenzari


Innate Abilities, Weirdness & Mutations

Your serpentine skin is tough. (AC +1)
You have supernaturally acute eyesight. (SInv)
Armour fits poorly on your strangely shaped body.
Your system is resistant to poisons. (rPois)
You cover ground very slowly.
You can spit poison.
You have a snake-like lower body.


Message History

You closely miss the water moccasin.
The water moccasin is lightly wounded.
The water moccasin bites you but does no damage.
The water moccasin bites you.
You closely miss the water moccasin.
The water moccasin is lightly wounded.
The water moccasin bites you but does no damage.
You block the water moccasin's attack.
You miss the water moccasin.
The water moccasin is lightly wounded.
The water moccasin bites you but does no damage.
The water moccasin bites you.
You closely miss the water moccasin.
The water moccasin is lightly wounded.
The water moccasin bites you but does no damage.
The water moccasin bites you.
You slash the water moccasin!
The water moccasin is heavily wounded.
The water moccasin bites you. You block the water moccasin's attack.
The water moccasin barely misses you.
You closely miss the water moccasin.
The water moccasin is heavily wounded.
The water moccasin bites you!
* * * LOW HITPOINT WARNING * * *
The water moccasin bites you but does no damage.
Aiming: Spit Poison (1% risk of failure)
Press: ? - help, Q - select action, (/) - cycle Shift-Dir - straight line, f/p - water moccasin
Aim: a water moccasin (heavily wounded, 37% to hit)
The splash of poison misses the water moccasin.
You block the water moccasin's attack.
You barely miss the water moccasin.
The water moccasin is heavily wounded.
The water moccasin bites you but does no damage. x2
You closely miss the water moccasin.
The water moccasin is heavily wounded.
The water moccasin bites you but does no damage.
The water moccasin bites you.
* * * LOW HITPOINT WARNING * * *
The water moccasin bites you.
You die...

# # ## .# .# .# .#
###.. .##
#######.....# ..#
##....@S?....# ..#
#.......#....# ..##
#...##..# ..# ...##
#...##..# # #...##
#...##..# #....##
#...##...
#.###.#####...##....
#.# ##........#######
#.####..####..#######


You could see a water moccasin.

Vanquished Creatures
  3 adders (D:2)
  3 worms
  A dart slug (D:1)
  7 ball pythons
  10 endoplasms
  3 giant cockroaches
  8 goblins
  7 hobgoblins
  5 jackals
  5 kobolds
  2 quokkas
  6 bats
  2 frilled lizards
  4 rats
66 creatures vanquished.

Vanquished Creatures (others)
  57 plants
57 creatures vanquished.

Grand Total: 123 creatures vanquished

Notes
Turn   | Place    | Note
-------+----------+-------------------------------------------
     0 | D:1      | 27snakeeyes612 the Naga Fighter began the quest for the
                  | Orb.
     0 | D:1      | Reached XP level 1. HP: 21/21 MP: 1/1
   119 | D:1      | Reached XP level 2. HP: 20/28 MP: 2/2
   557 | D:1      | Reached XP level 3. HP: 23/34 MP: 3/3
  1249 | D:2      | Reached XP level 4. HP: 34/42 MP: 4/4
  1358 | D:2      | Identified the +2 dagger of the Jumping Gods {venom, rC+
                  | Will+}
  2305 | D:3      | Found a faded altar of an unknown god.
  2824 | D:3      | Found a broken altar of Ashenzari.
  3166 | D:4      | Noticed a water moccasin
  3187 | D:4      | Slain by a water moccasin

Illustrated notes

Levels and vault maps discovered:
D:1:      saegor_arrival_miasma, layout_loops_ring, minmay_ruptured
D:2:      layout_basic, serial_bayou, serial_bayou_lake_a,
          serial_bayou_lagoon_a, serial_bayou_pond_a, serial_bayou_pond_d
D:3:      layout_loops_cross, lemuel_coloured_pillars_altar, serial_bayou,
          serial_bayou_pond_a, serial_bayou_crossing, serial_bayou_ford_a,
          serial_bayou_pond_e, ebering_ecumenical_altar_sacrificial,
          minmay_close_crescents
D:4:      layout_layer_cave, mainiacjoe_overflow_chevrons, serial_shops, shop

Skill      XL: |  1  2  3  4 |
---------------+-------------+-----
Shields        | 3 |  3.3
Armour         | 3 |  3.1
Fighting       | |  3.7
Axes           | |  2.9

Action                   |  1- 3 |  4- 6 || total
-------------------------+-------+-------++-------
Melee: War axe           |    91 |    59 ||   150
       Broad axe         |       |    15 ||    15
 Abil: Spit Poison       |       |    26 ||    26
  Use: Scroll            |       |     8 ||     8
       Potion            |       |     2 ||     2
Armor: Scale mail        |    39 |    56 ||    95
Dodge: Dodged            |    29 |    24 ||    53
Block: Buckler           |    18 |    14 ||    32

Table legend: (Time is in decaauts)
 A = Elapsed time spent in this place.
 B = Non-inter-level travel time spent in this place.
 C = Inter-level travel time spent in this place.
 D = Time resting spent in this place.
 E = Time spent auto-exploring this place.
 F = Levels seen in this place.
 G = Mean time per level.
                   A        B        C        D        E       F      G
               +--------+--------+--------+--------+--------+-----+--------+
         Total |   4177 |   4035 |    142 |      0 |   3489 |   4 | 1044.2 |
       Dungeon |   4177 |   4035 |    142 |      0 |   3489 |   4 | 1044.2 |
               +--------+--------+--------+--------+--------+-----+--------+

Top non-repeatable levels by time:
     D:2: 1400 daAuts
     D:1: 1331 daAuts
     D:3: 1225 daAuts
     D:4: 220 daAuts
